 Dungeon Crawl Stone Soup version 0.24.1 (webtiles) character file.

Game seed: 14032429571481609663, levelgen mode: deterministic

49 BowlsofSteal the Grave Robber (level 4, -3/31 HPs)
             Began as a Human Necromancer on Apr 5, 2020.
             Slain by a hobgoblin
             ... wielding a +0 club
             ... led by Robin
              (9 damage)
             ... on level 2 of the Dungeon.
             The game lasted 00:16:19 (1089 turns).

BowlsofSteal the Grave Robber (Human Necromancer)   Turns: 1089, Time: 00:16:19

Health: -3/31      AC:  3    Str:  8    XL:     4   Next: 1%
Magic:  1/7        EV: 12    Int: 17    God:
Gold:   53         SH:  0    Dex: 13    Spells: 3/8 levels left

rFire    . . .     SeeInvis .   d - +0 short sword
rCold    . . .     Gourm    .   (no shield)
rNeg     . . .     Faith    .   b - +0 leather armour
rPois    .         Spirit   .   o - +0 hat
rElec    .         Reflect  .   (no cloak)
rCorr    .         Harm     .   (no gloves)
MR       .....                  (no boots)
Stlth    ++........             (no amulet)
HPRegen  0.10/turn              (no ring)
MPRegen  0.10/turn              (no ring)

@: no status effects
A: no striking features
a: no special abilities


You were on level 2 of the Dungeon.
You were not hungry.

You visited 1 branch of the dungeon, and saw 2 of its levels.

You collected 53 gold pieces.

Inventory:

Hand Weapons
 c - a +0 club
 d - a +0 short sword (weapon)
 e - a +0 short sword
 m - a +0 dagger
 n - a +0 short sword
 p - a +0 hunting sling
Missiles
 l - 15 stones (quivered)
Armour
 a - a +0 robe
 b - a +0 leather armour (worn)
 h - a +0 helmet
 j - a +0 ring mail
 o - a +0 hat (worn)
Scrolls
 g - a scroll of remove curse
Potions
 k - a potion of curing
Comestibles
 f - 4 chunks of flesh
 i - a ration


   Skills:
 + Level 0.3 Fighting
 + Level 0.4 Short Blades
 + Level 0.5 Armour
 + Level 2.0 Dodging
 + Level 2.0 Stealth
 + Level 2.6 Spellcasting
 + Level 4.6 Necromancy


You had 3 spell levels left.
You knew the following spells:

 Your Spells              Type           Power        Failure   Level  Hunger
a - Pain                  Necr           ###.         3%          1    #......
b - Animate Skeleton      Necr           N/A          3%          1    #......
c - Vampiric Draining     Necr           ###.......   12%         3    ###....

Your spell library contained the following spells:

 Spells                   Type           Power        Failure   Level  Hunger
 Regeneration             Chrm/Necr      ##........   30%         3    ###....
 Animate Dead             Necr           N/A          36%         4    #####..


Dungeon Overview and Level Annotations

Branches:
Dungeon (2/15)

Altars:

Annotations:
D:2 Robin


Message History

The hobgoblin hits you with a +0 club! The goblin hits you.
* * * LOW HITPOINT WARNING * * *
You hit the goblin.
You kill the goblin!
You have reached level 4!
You feel clever. The hobgoblin hits you with a +0 club.
* * * LOW HITPOINT WARNING * * *
You feel better. Robin throws the goblin at you!
The hobgoblin hits you with a +0 club.
* * * LOW HITPOINT WARNING * * *
The goblin barely misses you.
You barely miss the goblin. The hobgoblin misses you.
The goblin closely misses you.
You hit the hobgoblin but do no damage.
The hobgoblin is heavily wounded.
The hobgoblin hits you but does no damage.
The goblin barely misses you.
You closely miss the goblin. The hobgoblin hits you with a +0 club!
You die...

#### ##### #..###<.. ## #
#....#.# .##.#
#Z##...######....###
#Z##(...g@ggg.......
########.##.#######K#.#####
#.....#.....## ###)#.###
.............####.ggggg.#
....................gg.....
...............#.>....gg.g.
....................^....g>
...............##..........
.........................b.


You could see Robin, a hobgoblin, 2 goblins and a kobold.

Vanquished Creatures
  An adder (D:2)
  An ooze (D:1)
  A worm (D:2)
  A dart slug (D:1)
  3 bats
  A giant cockroach (D:1)
  5 goblins
  2 hobgoblins (D:1)
  7 kobolds
  A frilled lizard (D:2)
  A rat (D:1)
24 creatures vanquished.

Vanquished Creatures (collateral kills)
  A dart slug (D:1)
  A bat (D:1)
  3 goblins (D:1)
  2 hobgoblins (D:1)
7 creatures vanquished.

Grand Total: 31 creatures vanquished

Notes
Turn   | Place    | Note
-------+----------+-------------------------------------------
     0 | D:1      | BowlsofSteal the Human Necromancer began the quest for the
                  | Orb.
     0 | D:1      | Reached XP level 1. HP: 13/13 MP: 3/3
    33 | D:1      | Learned a level 1 spell: Animate Skeleton
   140 | D:1      | Reached XP level 2. HP: 14/19 MP: 3/5
   683 | D:1      | Reached XP level 3. HP: 21/24 MP: 6/6
   876 | D:2      | Learned a level 3 spell: Vampiric Draining
  1059 | D:2      | Noticed Robin
  1085 | D:2      | Reached XP level 4. HP: 7/31 MP: 1/7
  1089 | D:2      | Slain by a hobgoblin

Levels and vault maps discovered:
D:1:      dpeg_arrival_simpleton_c, layout_rooms
D:2:      cheibrodos_old_hovel, layout_rooms, chequers_ecumenical_altar_island,
          uniq_terence, uniq_robin, uniq_jessica

Action                   |  1- 3 |  4- 6 || total
-------------------------+-------+-------++-------
Melee: Short sword       |    46 |     3 ||    49
       Unarmed           |     3 |       ||     3
 Cast: Pain              |    19 |       ||    19
       Animate Skeleton  |    15 |       ||    15
       Vampiric Draining |     2 |       ||     2
  Use: Scroll            |     4 |       ||     4
       Potion            |     2 |     1 ||     3
 Stab: Distracted        |     1 |       ||     1
  Eat: Ration            |     1 |       ||     1
Armor: Ring mail         |    19 |       ||    19
       Leather armour    |     6 |       ||     6
Dodge: Dodged            |    34 |     4 ||    38
